Cogmind - Beta 16.1 @@@ ROGUE MODE // 2026.03.04 @ 01:08:42 Player: Sen Result: Destroyed by H-81 Overseer with Heavy Linear Accelerator Performance ------------- Evolutions (8) 4000 Regions Visited (15) 3000 Robots Destroyed (154) 770 Value Destroyed (7264) 7264 Prototype IDs (16) 320 Alien Tech Used (0) 0 Bonus (782) 782 TOTAL SCORE: 16136 Bonus ------- High Alert Combat Kills 81 Follower Combat Kills 201 Entered DSFs 500 Cogmind --------- Core Integrity 0/1450 Matter 297/300 Energy 76/100 System Corruption 45% Temperature Cool (0) Movement Core (50) Location -2/Research Parts ------- > --- POWER (2) -------- (None) > --- PROPULSION (6) --- (None) > --- UTILITY (12) ----- Advanced Signal Interpreter Terrain Scan Processor 0b10 Decoder Chip [Skirmisher] Advanced Target Analyzer Graphene Brace > --- WEAPON (3) ------- (None) > --- INVENTORY (5) ---- Improved Ion Engine Thunder Leg Compact Wheel Advanced Heat Sink Advanced Remote Datajack Peak State ------------ > --- POWER ------------ Light Quantum Reactor > --- PROPULSION ------- Thunder Leg Myomer Leg Myomer Leg Biometal Leg Biometal Leg Biometal Leg > --- UTILITY ---------- Advanced Heat Sink Advanced Heat Sink Advanced Heat Sink Medium Storage Unit Small Battery Experimental Matter Compressor Advanced Signal Interpreter Terrain Scan Processor 0b10 Decoder Chip [Skirmisher] Improved Targeting Computer Advanced Target Analyzer Graphene Brace > --- WEAPON ----------- Gamma Rifle Phase Gun Heavy Machine Gun > --- INVENTORY -------- Improved Ion Engine Wheel Compact Wheel Advanced Heat Sink Gamma Rifle Phase Gun KE Penetrator Advanced Remote Datajack Welding Torch Force Lance [Rating: 131] Favorites ----------- Power Light Nuclear Core Engine Improved Ion Engine Power Core Light Nuclear Core Reactor Constructs Propulsion Armored Treads Treads Armored Treads Leg Aluminum Leg Wheel Wheel Hover Unit Antigrav System Flight Unit Impulse Thruster Array Utility Improved Signal Interpreter Device Structural Scanner Storage Huge Storage Unit Processor Improved Signal Interpreter Hackware System Shield Protection Improved Core Shielding Weapon Constructs Energy Gun Heavy Particle Gun Energy Cannon Constructs Ballistic Gun Gauss Rifle Ballistic Cannon Constructs Launcher Heavy Missile Launcher Special Weapon Plasma Cutter Impact Weapon Thunder Hammer Slashing Weapon Mining Claw Piercing Weapon Force Lance Special Melee Weapon Improved Datajack Build | -11 -10 -10 -8 -8 -8 -6 -6 -6 -5 -5 -5 -4 -4 -3 -2 ------- Run | Yrd Mat Sub Mat Sto Rec Fac Was Fac Fac Upp Upp Fac DSF Res Res Slots Evolved 16 | . . . 4 . . 4 . . 2 . . 2 . 2 2 Power 1 | . . . . . . 1 . . . . . . . . . Propulsion 4 | . . . 2 . . . . . . . . . . . 2 Utility 10 | . . . 2 . . 2 . . 2 . . 2 . 2 . Weapon 1 | . . . . . . 1 . . . . . . . . . Parts Attached 233 | 7 11 5 18 15 9 22 1 4 41 8 . 2 6 35 49 Power 27 | 1 1 1 1 3 . 4 . . 5 2 . . . 5 4 Engine 12 | 1 . 1 1 2 . 2 . . 2 1 . . . 1 1 Core 8 | . 1 . . 1 . 2 . . 3 1 . . . . . Reactor 7 | . . . . . . . . . . . . . . 4 3 Propulsion 62 | 2 4 2 9 . 2 5 . . 11 2 . . 2 8 15 Treads 10 | . . 1 4 . 2 2 . . . . . . . . 1 Leg 27 | 2 2 . 3 . . 2 . . . 1 . . 2 4 11 Wheel 13 | . 2 1 2 . . 1 . . 3 1 . . . 2 1 Hover 8 | . . . . . . . . . 8 . . . . . . Flight 4 | . . . . . . . . . . . . . . 2 2 Utility 86 | 2 3 . 5 7 3 6 1 3 17 4 . 2 4 11 18 Device 48 | 1 1 . 4 2 1 5 . 1 10 4 . . . 9 10 Storage 7 | 1 1 . . . . . . 1 . . . . . . 4 Processor 17 | . 1 . 1 . . 1 1 1 4 . . 2 . 2 4 Hackware 5 | . . . . 1 . . . . . . . . 4 . . Protection 9 | . . . . 4 2 . . . 3 . . . . . . Artifact . | . . . . . . . . . . . . . . . . Weapon 58 | 2 3 2 3 5 4 7 . 1 8 . . . . 11 12 Energy Gun 24 | 1 1 1 1 3 2 1 . . 4 . . . . 4 6 Energy Cannon 4 | . . . . 1 . . . . . . . . . . 3 Ballistic Gun 12 | 1 1 . 1 . . 4 . . 2 . . . . . 3 Ballistic Cannon 2 | . . 1 . . . . . . . . . . . 1 . Launcher 1 | . . . . . . 1 . . . . . . . . . Special Weapon 4 | . 1 . 1 . 1 . . . . . . . . 1 . Impact Weapon 2 | . . . . . . . . . 2 . . . . . . Slashing Weapon 5 | . . . . . 1 1 . 1 . . . . . 2 . Piercing Weapon 2 | . . . . . . . . . . . . . . 2 . Special Melee Weapon 2 | . . . . 1 . . . . . . . . . 1 . Unidentified Prototypes 6 | . . . . 2 1 . . . 1 . . . . 1 1 Corrupted Parts 9 | . . . . . . . . . 2 . . . . 1 6 System Corruption 41 | . . . . . . . . . 15 . . . . 2 24 Parts Lost 162 | . . 1 4 6 1 27 . 7 20 7 1 . 12 26 50 Power 23 | . . 1 . 1 . 6 . 2 2 1 . . 2 3 5 Propulsion 46 | . . . 1 . . 9 . 2 4 4 . . 5 6 15 Utility 52 | . . . 1 3 . 4 . . 9 1 1 . 4 11 18 Weapon 41 | . . . 2 2 1 8 . 3 5 1 . . 1 6 12 Highest Loss Streak 16 | . . 1 2 2 1 6 . 6 7 3 1 . 12 15 16 To Critical Strikes 3 | . . . . . . 1 . . 1 . . . . 1 . Average Backups 15 | 4 11 24 24 24 23 17 5 5 3 4 5 4 3 2 5 Power 1 | . 1 2 2 2 2 1 . . 1 . . . . . . Propulsion 5 | 3 5 11 11 10 7 3 . . . . . . . . 1 Utility 2 | . 1 3 2 2 4 5 1 2 1 3 2 2 1 . . Weapon 3 | . 1 5 5 6 6 3 1 . . 1 2 2 2 1 1 Tool/Special . | . . . . . . . . . . . . . . . . Unused Backups 48 | . 1 7 5 5 6 4 3 2 4 1 2 . . 1 7 Power 7 | . . 1 . . 1 3 1 . . . . . . . 1 Propulsion 12 | . . . 4 1 3 . . . . . . . . 1 3 Utility 13 | . . 3 1 1 1 1 2 1 1 1 . . . . 1 Weapon 14 | . 1 3 . 2 1 . . 1 3 . 2 . . . 1 Tool/Special 2 | . . . . 1 . . . . . . . . . . 1 Average Slot Usage (%) 84 | . 100 100 98 99 95 79 72 57 63 81 76 68 57 56 72 Engine 2 | . 5 1 9 8 . 4 1 . 1 . 5 5 2 . . Core 5 | . 8 12 . . 9 4 6 3 5 10 5 5 3 . . Treads 14 | . . . 6 36 36 11 . 3 . . . . . . 1 Leg 3 | . 19 . 14 . . 5 3 . . . 5 5 3 1 12 Wheel 3 | . 8 27 14 . . 3 2 . . 2 5 5 2 2 . Hover 1 | . . . . . . . . . 9 10 5 5 2 . . Device 12 | . 12 . 17 7 13 15 19 15 14 12 11 11 8 10 12 Storage 6 | . 14 14 9 9 9 6 . 2 . . . . . . 6 Processor 11 | . 1 14 9 9 9 7 12 14 15 23 23 19 26 15 19 Hackware 1 | . . . . 5 . . . . . . . . 1 12 . Protection 1 | . . . . 4 1 1 . . 2 7 5 5 2 . . Energy Gun 3 | . 11 10 9 4 1 3 3 . 4 . . . . 1 4 Ballistic Gun 5 | . 16 8 4 9 2 7 14 7 1 . . . . . 2 Ballistic Cannon 1 | . . 5 . . 4 . 1 2 1 . . . . . . Special Weapon 1 | . . 3 3 1 3 . . . . . . . . . . Slashing Weapon 1 | . . . . . 3 2 . . . . . . . . . Peak Build Rating 131 | 9 11 17 30 40 48 72 66 64 84 78 68 76 76 115 131 Average Rating 47 | 5 9 13 23 34 39 58 59 50 54 66 67 70 53 70 102 On Entrance 44 | . 9 11 15 30 39 46 57 59 32 77 68 65 76 33 102 Avg Prop Armor Cover (%) 7 | . . . 8 . . 9 8 . . 4 7 7 7 . 7 Naked Turns . | . . . . . . . . . . . . . . . . Heaviest Build 114 | 14 90 95 97 103 106 114 24 65 38 36 35 36 36 38 60 Greatest Support 164 | 20 26 26 80 80 80 80 62 67 51 51 10 10 56 65 164 Greatest Overweight (x) 7 | 1 3 3 7 1 1 4 7 4 6 3 3 3 3 2 1 Average Overweight (x) . | . 1 3 2 1 1 1 1 . . . 3 3 1 . . Largest Inventory Capacity 25 | 8 25 25 25 25 25 25 25 20 5 5 5 5 5 5 10 Average Capacity 17 | 7 13 25 25 25 25 25 5 10 5 5 5 5 5 5 7 Most Carried 25 | 6 25 25 25 25 25 21 14 7 5 5 5 5 5 5 10 Average Carried 15 | 5 11 24 24 24 23 17 4 5 3 4 4 4 3 3 6 Final Capacity 25 | 8 25 25 25 25 25 25 5 5 5 5 5 5 5 5 5 Final Carried 25 | 6 25 24 25 25 18 15 5 5 5 5 5 3 5 5 5 Scrap Engine Consumption 161 | . . . . . 39 73 19 21 9 . . . . . . Constructs Created 16 | . . . . . 1 10 1 2 2 . . . . . . Constructs Modified 29 | . . . . . 3 17 6 3 . . . . . . . Class Distribution -------------------- 35% | Mutant 10% | Commander-Mutant 7% | Scavenger-Mutant 7% | Commander-Skirmisher 5% | Scavenger-Gunner 4% | Commander-Assassin 4% | Tank 4% | Scavenger-Gladiator 4% | Skirmisher 3% | Scavenger-Skirmisher 3% | Infiltrator-Skirmisher Dominant Class ---------------- Mutant | -10/Materials Mutant | -10/Subcaves Mutant | -8/Materials Mutant | -8/Storage Commander-Mutant | -8/Recycling Mutant | -6/Factory Tank | -6/Waste Tank | -6/Factory Scavenger-Mutant | -5/Factory Scavenger-Gladiator | -5/Upper Caves Scavenger-Mutant | -5/Upper Caves Scavenger-Mutant | -4/Factory Derelict-Mutant | -4/DSF Hacker-Mutant | -3/Research Scavenger-Gunner | -2/Research Resources | -11 -10 -10 -8 -8 -8 -6 -6 -6 -5 -5 -5 -4 -4 -3 -2 ----------- Run | Yrd Mat Sub Mat Sto Rec Fac Was Fac Fac Upp Upp Fac DSF Res Res Matter Collected 5840 | 221 292 244 247 816 378 918 57 100 741 265 18 . 36 211 1296 Remotely . | . . . . . . . . . . . . . . . . Salvage Created 7845 | 56 256 68 239 1202 129 1539 . 156 1058 672 . . 59 737 1674 Parts 377 | 6 19 6 14 57 8 93 . 9 52 6 . . 3 33 71 Haulers Intercepted . | . . . . . . . . . . . . . . . . Recyclers Shooed 10 | . . . . . . 2 . . 2 . . . . 1 5 Parts Field Recycled . | . . . . . . . . . . . . . . . . Retrieved Matter . | . . . . . . . . . . . . . . . . Parts Self-Destructed 10 | . . 8 . . . . . . . 2 . . . . . Prevented 3 | . . . . . . . . . . . 3 . . . . Parts Restored . | . . . . . . . . . . . . . . . . Kills | -11 -10 -10 -8 -8 -8 -6 -6 -6 -5 -5 -5 -4 -4 -3 -2 ------- Run | Yrd Mat Sub Mat Sto Rec Fac Was Fac Fac Upp Upp Fac DSF Res Res Combat Hostiles Destroyed 127 | . 11 2 5 19 3 33 . 2 15 10 . . 1 8 18 Melee 19 | . . . . . . . . . 3 3 . . 1 6 6 Guns 66 | . 11 . 4 13 2 20 . 2 4 . . . . 1 9 Cannons 21 | . . 2 . 5 1 9 . . 3 . . . . . 1 AOE 4 | . . . . . . 3 . . . . . . . 1 . Classes Destroyed 16 | 1 3 1 2 3 . 3 . 1 1 . . . 1 . . Worker 5 | . . . . 2 . 3 . . . . . . . . . Builder 5 | . . . . . . 3 . . 1 . . . . . 1 Tunneler 4 | 3 . . . . . . . . . . . . . 1 . Recycler 6 | . . . . 1 . . . . 2 . . . . 1 2 Mechanic 2 | . . . . . . 1 . 1 . . . . . . . Operator 1 | . . . . . . . . 1 . . . . . . . Watcher 4 | . 1 . . 2 . . . . . . . . . . 1 Swarmer 21 | . 9 . . 1 . 9 . . . 2 . . . . . Cutter 2 | . . . . . . . . . 2 . . . . . . Grunt 34 | . 2 . 2 9 . 12 . . . . . . . 4 5 Duelist 6 | . . . . 1 . 2 . . 1 2 . . . . . Sentry 19 | . . . 2 7 . 4 . 1 3 1 . . . . 1 Specialist 1 | . . . . . . . . . . . . . 1 . . Hunter 18 | . . . 1 1 . 3 . . 4 4 . . . 2 3 Programmer 21 | . . . . . . 3 . 1 5 1 . . . 2 9 Subdweller 5 | . . 2 . . 3 . . . . . . . . . . Best Kill Streak 8 | 2 4 2 2 4 1 8 . 1 3 3 . . 1 5 4 Combat Bots Only 8 | . 4 2 2 3 1 8 . 1 3 3 . . 1 4 4 Max Kills in Single Turn 3 | 1 2 1 1 2 1 3 . 1 1 1 . . 1 2 1 Gunslinging 1 | . 1 . . . . . . . . . . . . . . Exploded 1 | . . . . . . 1 . . . . . . . 1 . Melee 1 | . . . . . . . . . 1 1 . . 1 1 1 Uniques/NPCs Destroyed . | . . . . . . . . . . . . . . . . Combat | -11 -10 -10 -8 -8 -8 -6 -6 -6 -5 -5 -5 -4 -4 -3 -2 -------- Run | Yrd Mat Sub Mat Sto Rec Fac Was Fac Fac Upp Upp Fac DSF Res Res Hostile Shots Fired 2089 | . 47 15 38 137 18 576 . 108 194 79 6 . 184 265 422 Missed 636 | . 14 5 7 38 3 171 . 47 60 25 2 . 63 78 123 Hits 1453 | . 33 10 31 99 15 405 . 61 134 54 4 . 121 187 299 Melee 20 | . . . . . . 11 . . 4 4 1 . . . . Projectile 1433 | . 33 10 31 99 15 394 . 61 130 50 3 . 121 187 299 AOE 3 | . . 1 . . . 2 . . . . . . . . . Critical Strikes 69 | . . . 1 3 . 13 . 1 13 4 . . . 15 19 Actively Blocked 15 | . . . . . . . . . 1 2 . . . . 12 Part Disruptions 2 | . . . . . . . . . . . . . . . 2 Damage Taken 25123 | . 317 288 473 1460 360 5712 . 1009 2590 823 76 . 2023 3169 6823 Core 5565 | . 75 93 60 111 71 682 . 58 641 124 . . 1104 1067 1479 Absorbed by Shields 595 | . . . . . . 166 . . . 191 27 . 169 . 42 Redirected to Shielding 290 | . . . . 104 . . . . 60 92 . . 34 . . Ignored by Resistances 267 | . . . . . . 56 . . . . . . . 211 . Regen/Repaired (Parts) 916 | . . . . 7 15 480 . 414 . . . . . . . Core Remaining (%) 34 | 100 . 32 . . 56 . . 12 . . 23 . 4 17 . Volleys Fired 480 | 8 36 50 30 81 9 119 . 16 53 . . . . 7 71 Largest 3 | 2 2 2 2 2 2 3 . 3 3 . . . . 2 3 Hottest 285 | 60 100 120 150 128 95 130 . 101 173 . . . . 125 285 Shots Fired 975 | 16 71 76 53 154 19 263 2 48 90 . . . . 13 170 Gun 737 | 16 70 32 44 110 15 187 2 32 63 . . . . 13 153 Cannon 170 | . . 6 3 36 4 61 . 16 27 . . . . . 17 Launcher 4 | . . . . . . 4 . . . . . . . . . Special 64 | . 1 38 6 8 . 11 . . . . . . . . . Kinetic 452 | 8 42 28 15 73 10 168 2 32 19 . . . . . 55 Thermal 338 | 8 14 38 23 45 9 54 . 11 44 . . . . . 92 Explosive 4 | . . . . . . 4 . . . . . . . . . Electromagnetic 181 | . 15 10 15 36 . 37 . 5 27 . . . . 13 23 Robot Hit Streak 17 | 3 7 10 8 17 12 12 . 6 13 . . . . 5 15 Robot Miss Streak 4 | 1 4 . 3 3 1 4 . 3 4 . . . . 4 3 Penetration Max 1 | . . . . 1 . 1 . . . . . . . . 1 Secondary Targets 8 | . 3 . . . . 4 . . 1 . . . . . . Max Gunslinging Chain 1 | . 1 . . . . 1 . . 1 . . . . . . Shots Hit Robots 715 | 11 35 8 35 108 51 172 . 20 75 31 . . 3 38 128 Core Hits 320 | 3 17 2 11 38 5 118 . 8 40 3 . . 1 20 54 Critical Kills 5 | . . . . . . . . . 2 2 . . 1 . . Critical Parts Destroyed 17 | . . . . . 1 . . . 4 10 . . 1 . 1 Critical Strikes 56 | . . . . 3 1 . . . 8 12 . . 2 7 23 Burn 14 | . . . . 2 . . . . . . . . . . 12 Meltdown 1 | . . . . . . . . . 1 . . . . . . Destroy 2 | . . . . . 1 . . . . . . . . . 1 Corrupt 2 | . . . . 1 . . . . . . . . . . 1 Smash 19 | . . . . . . . . . 5 12 . . 2 . . Sever 8 | . . . . . . . . . 2 . . . . 6 . Impale 10 | . . . . . . . . . . . . . . 1 9 Melee Attacks 199 | . . . . 1 38 5 . 3 24 40 . . 3 39 46 Impact 58 | . . . . . . . . . 15 40 . . 3 . . Slashing 49 | . . . . . 2 5 . 3 9 . . . . 30 . Piercing 55 | . . . . . . . . . . . . . . 9 46 Sneak Attacks 37 | . . . . . 32 . . . 3 . . . 1 1 . Combat Hostiles . | . . . . . . . . . . . . . . . . Follow-up Attacks 6 | . . . . . . . . . . 6 . . . . . Damage Inflicted 19482 | 147 410 154 539 2523 285 4466 . 445 2457 1972 . . 266 1997 3821 Guns 9201 | 147 410 31 469 1659 218 2399 . 324 740 . . . . 239 2565 Cannons 3155 | . . 123 70 787 67 947 . 121 679 . . . . . 361 Explosions 1394 | . . . . 63 . 1108 . . . . . . . 223 . Melee 5667 | . . . . . . . . . 999 1972 . . 266 1535 895 Ramming 53 | . . . . 14 . . . . 39 . . . . . . Kinetic 5582 | 56 240 123 201 1060 170 2204 . 324 226 . . . . . 978 Thermal 4636 | 91 86 . 194 662 115 788 . 83 871 . . . . 223 1523 Explosive 835 | . . . . . . 835 . . . . . . . . . Electromagnetic 2709 | . 84 31 144 787 . 639 . 38 322 . . . . 239 425 Impact 2785 | . . . . . . . . . 547 1972 . . 266 . . Slashing 1804 | . . . . . . . . . 452 . . . . 1352 . Piercing 1078 | . . . . . . . . . . . . . . 183 895 Highest Corruption 45 | . . . . 2 2 1 1 2 23 14 12 . . 8 45 Average Corruption 4 | . . . . 1 2 1 1 1 14 9 10 . . 7 16 Corruption Purged 15 | . . . . . . . . . 10 5 . . . . . Corruption Blocked 9 | . . . . . . . . . . . . . . 2 7 Effects 205 | . . . . 16 37 4 3 12 41 34 3 . . 12 43 Message Errors 52 | . . . . 7 10 . . 6 8 6 2 . . 3 10 Matter Fused 60 | . . . . 2 12 2 . 3 12 15 . . . 2 12 Heat Flow Errors 20 | . . . . . 6 . . 1 2 3 . . . 1 7 Energy Discharges 26 | . . . . 3 3 1 1 2 3 5 . . . 3 5 Parts Rejected 2 | . . . . . . . . . 2 . . . . . . Parts Fused 2 | . . . . . . . . . . 1 1 . . . . Data Loss (minor) 19 | . . . . 2 5 . . . 5 3 . . . 1 3 Data Loss (major) 5 | . . . . . . . . . 1 1 . . . 2 1 Misfires 5 | . . . . . 1 . 2 . 1 . . . . . 1 Alerts 5 | . . . . 1 . . . . 2 . . . . . 2 Misdirections 1 | . . . . . . . . . . . . . . . 1 Weapon Failures 8 | . . . . 1 . 1 . . 5 . . . . . 1 Overload Shots . | . . . . . . . . . . . . . . . . Overflow Damage 2012 | . . . . 9 . 135 . . 437 1047 . . 122 213 49 Projectiles 33 | . . . . 9 . 8 . . . . . . . . 16 Explosions 203 | . . . . . . 127 . . . . . . . 76 . Melee 1776 | . . . . . . . . . 437 1047 . . 122 137 33 Knockbacks 27 | . . 1 . . 1 8 . . 2 14 . . 1 . . Impact 17 | . . . . . . . . . 2 14 . . 1 . . Kinetic 10 | . . 1 . . 1 8 . . . . . . . . . Secondary . | . . . . . . . . . . . . . . . . Self-Inflicted Damage 250 | . 34 . . 36 . 76 . . 18 . . . . 86 . Shots 6 | . 1 . . 1 . 3 . . . . . . . 1 . Rammed 10 | . . . . 1 . . . . 9 . . . . . . Targets Rammed 10 | . . . . 1 . . . . 9 . . . . . . Kicked . | . . . . . . . . . . . . . . . . Crushed . | . . . . . . . . . . . . . . . . Highest Temperature 494 | . 42 . 20 260 192 369 . 262 220 205 . . 21 301 494 Average Temperature 81 | . 18 . 11 66 64 90 . 60 60 85 . . 9 134 217 Received Heat Transfer 4035 | . 33 42 162 630 66 1231 . 42 324 9 18 . 562 202 714 Effects 5 | . . . . . . 3 . . . . . . . . 2 Shutdowns 1 | . . . . . . . . . . . . . . . 1 Energy Bleed 3 | . . . . . . 3 . . . . . . . . . Short Circuit 1 | . . . . . . . . . . . . . . . 1 Siege Activations . | . . . . . . . . . . . . . . . . Martial Activations . | . . . . . . . . . . . . . . . . Shielding Activations . | . . . . . . . . . . . . . . . . Robots Disrupted 1 | . . . . . . . . . . . . . . 1 . Combat Hostiles 1 | . . . . . . . . . . . . . . 1 . Robots Corrupted 15 | . . . 1 1 . 1 . . 3 8 . . . . 1 Combat Hostiles 14 | . . . 1 1 . 1 . . 2 8 . . . . 1 Parts Fried 35 | . . . . 6 . 3 . . 9 14 . . . . 3 Impact Corruptions 48 | . . . . . . . . . 9 36 . . 3 . . Robots Melted 4 | . . . . . . . . . 3 . . . . . 1 Combat Hostiles 4 | . . . . . . . . . 3 . . . . . 1 Parts Melted 32 | . 1 1 2 4 1 . . . 15 . . . . . 8 Heat Transferred 9814 | 200 200 . 481 1345 222 1149 . 111 2920 . . . . 300 2886 Parts Sabotaged 2 | . . . . . . 2 . . . . . . . . . Parts Stolen . | . . . . . . . . . . . . . . . . Parts Stripped . | . . . . . . . . . . . . . . . . Power Chain Reactions 4 | . . . . 1 . 2 . . . . . . . 1 . Alert | -11 -10 -10 -8 -8 -8 -6 -6 -6 -5 -5 -5 -4 -4 -3 -2 ------- Run | Yrd Mat Sub Mat Sto Rec Fac Was Fac Fac Upp Upp Fac DSF Res Res Maximum Alert Level 2 | . . . . . . 2 . . . . . . 1 . . Low Security (%) 91 | 100 100 . 100 100 100 39 100 100 100 . . 100 80 100 100 Level 1 6 | . . . . . . 44 . . . . . . 19 . . Level 2 2 | . . . . . . 15 . . . . . . . . . Level 3 . | . . . . . . . . . . . . . . . . Level 4 . | . . . . . . . . . . . . . . . . Level 5 . | . . . . . . . . . . . . . . . . High Security . | . . . . . . . . . . . . . . . . Max Security . | . . . . . . . . . . . . . . . . Peak Influence 487 | 10 170 . 81 121 40 487 169 45 146 . . 5 235 132 119 Initial 169 | . 3 . . 2 40 . 169 . 17 . . . 3 132 3 Average 54 | 1 79 . 21 45 . 219 29 6 51 . . . 67 35 35 Influence Increases 5122 | 15 387 . 208 688 40 1201 . 188 692 315 . 5 290 314 779 Destroy 0b10 Robot/C 2500 | . 220 . 100 380 . 720 . 40 300 200 . . 20 160 360 Destroy 0b10 Robot/NC 145 | 15 5 . . 25 . 35 . 10 15 10 . . . 10 20 Destroy Leader 578 | . 42 . 40 94 . 160 . 20 100 30 . . . 20 72 Allied During Kill 23 | . . . . . . 23 . . . . . . . . . Successful Hack 313 | . 14 . 3 26 36 11 . 51 119 . . 5 . . 48 Disable Machine 240 | . 30 . 30 90 . 45 . 15 . . . . . 15 15 Anti-Garrison Action 150 | . . . . . . 150 . . . . . . . . . Destroy Structure 153 | . 1 . 5 13 4 27 . 7 8 . . . . 34 54 Partial Spotted 45 | . . . . 15 . . . . 15 . . . . . 15 Lose Combat Pursuer 975 | . 75 . 30 45 . 30 . 45 135 75 . . 270 75 195 Influence Decreases 5122 | 10 392 . 201 589 146 717 484 151 583 444 17 . 60 542 786 Entered New Map 576 | . 2 . . 5 66 . 315 . 20 55 4 . 2 103 4 Time Decay 3288 | 10 390 . 171 490 80 417 169 151 403 329 13 . . 238 427 Lost Part 1194 | . . . 30 60 . 270 . . 160 60 . . 58 201 355 Lost Ally 64 | . . . . 34 . 30 . . . . . . . . . Squads Dispatched 30 | . . . 2 . . 9 . 3 4 . . . 2 3 7 Investigation 3 | . . . . . . 2 . . . . . . . . 1 Extermination 10 | . . . . . . 2 . 1 2 . . . . 2 3 Reinforcement 14 | . . . 2 . . 2 . 2 2 . . . 2 1 3 Assault 2 | . . . . . . 2 . . . . . . . . . Garrison 1 | . . . . . . 1 . . . . . . . . . Intercept . | . . . . . . . . . . . . . . . . Searches Triggered . | . . . . . . . . . . . . . . . . Construction Impeded 4 | . . . 1 . . 2 . . . . . . . 1 . Haulers Reinforced . | . . . . . . . . . . . . . . . . Active Scanning Responses . | . . . . . . . . . . . . . . . . Cargo Convoy Interrupts . | . . . . . . . . . . . . . . . . Stealth | -11 -10 -10 -8 -8 -8 -6 -6 -6 -5 -5 -5 -4 -4 -3 -2 --------- Run | Yrd Mat Sub Mat Sto Rec Fac Was Fac Fac Upp Upp Fac DSF Res Res Distress Signals 12 | . 4 . . 2 1 2 . . 1 . . . . 1 1 Communications Jammed 11 | . . . . . . . . 11 . . . . . . . Distress Signals 11 | . . . . . . . . 11 . . . . . . . Times Spotted 276 | . 26 4 7 28 7 53 . 10 32 14 5 . 25 24 41 Peak Tracking Total 10 | . 6 2 3 3 2 8 . 3 5 4 6 . 9 7 10 Tactical Retreats 35 | . 2 . 1 2 2 2 . 1 5 5 . . 4 4 7 Traps | -11 -10 -10 -8 -8 -8 -6 -6 -6 -5 -5 -5 -4 -4 -3 -2 ------- Run | Yrd Mat Sub Mat Sto Rec Fac Was Fac Fac Upp Upp Fac DSF Res Res Traps Triggered 14 | . . 1 . 2 . 2 . 2 1 . . . 2 1 3 Indirectly . | . . . . . . . . . . . . . . . . Trap Hack Attempts . | . . . . . . . . . . . . . . . . Triggered . | . . . . . . . . . . . . . . . . Disarmed 6 | . 6 . . . . . . . . . . . . . . Reprogrammed . | . . . . . . . . . . . . . . . . Reused . | . . . . . . . . . . . . . . . . Traps Extracted . | . . . . . . . . . . . . . . . . Installed . | . . . . . . . . . . . . . . . . Triggered . | . . . . . . . . . . . . . . . . Machines | -11 -10 -10 -8 -8 -8 -6 -6 -6 -5 -5 -5 -4 -4 -3 -2 ---------- Run | Yrd Mat Sub Mat Sto Rec Fac Was Fac Fac Upp Upp Fac DSF Res Res Machines Disabled 17 | . 2 . 2 6 . 4 . 1 . . . . . 1 1 Max in Single Turn 1 | . 1 . 1 1 . 1 . 1 . . . . . 1 1 Garrison Access 2 | . . . . 1 . 1 . . . . . . . . . Machines Repaired . | . . . . . . . . . . . . . . . . Machines Dismantled . | . . . . . . . . . . . . . . . . Machines Sabotaged . | . . . . . . . . . . . . . . . . Overloaded Fab Kills . | . . . . . . . . . . . . . . . . Hacking | -11 -10 -10 -8 -8 -8 -6 -6 -6 -5 -5 -5 -4 -4 -3 -2 --------- Run | Yrd Mat Sub Mat Sto Rec Fac Was Fac Fac Upp Upp Fac DSF Res Res Machines Accessed 53 | . 8 . 3 9 8 6 . 4 12 . . 1 . 1 1 Terminals 34 | . 6 . 2 6 5 3 . 4 6 . . 1 . 1 . Fabricators . | . . . . . . . . . . . . . . . . Repair Stations 2 | . . . . 2 . . . . . . . . . . . Recycling Units 8 | . 2 . 1 . 2 1 . . 2 . . . . . . Scanalyzers 5 | . . . . . . 1 . . 3 . . . . . 1 Garrison Access 3 | . . . . 1 . 1 . . 1 . . . . . . Total Hacks 153 | . 26 . 6 26 28 19 . 13 26 . . 4 . 3 2 Successful 86 | . 15 . 3 18 16 9 . 9 13 . . 1 . . 2 Failed 67 | . 11 . 3 8 12 10 . 4 13 . . 3 . 3 . Catastrophic 13 | . 2 . . . 1 4 . . 4 . . . . 2 . Database Lockouts . | . . . . . . . . . . . . . . . . Manual 53 | . 11 . 2 14 14 1 . 3 8 . . . . . . Terminals 108 | . 20 . 4 21 22 7 . 13 14 . . 4 . 3 . Fabricators . | . . . . . . . . . . . . . . . . Repair Stations 4 | . . . . 4 . . . . . . . . . . . Recycling Units 19 | . 6 . 2 . 4 3 . . 4 . . . . . . Scanalyzers 15 | . . . . . . 6 . . 7 . . . . . 2 Garrison Access 5 | . . . . 1 . 3 . . 1 . . . . . . Terminal Hacks 52 | . 10 . 1 10 12 4 . 8 6 . . 1 . . . Record 5 | . . . . . . 1 . 1 3 . . . . . . Robot Analysis 2 | . . . . . 1 . . 1 . . . . . . . Prototype ID Bank 3 | . . . . 1 1 . . 1 . . . . . . . Open Door 1 | . . . . 1 . . . . . . . . . . . Open DSF 2 | . . . . . . 1 . . . . . 1 . . . Emergency Access Points 1 | . 1 . . . . . . . . . . . . . . Locate Traps 13 | . 1 . 1 3 2 1 . 3 2 . . . . . . Disarm Traps 1 | . 1 . . . . . . . . . . . . . . Dispatch Records 2 | . 1 . . 1 . . . . . . . . . . . Maintenance Status 1 | . 1 . . . . . . . . . . . . . . Assault Status 1 | . 1 . . . . . . . . . . . . . . Hauler Manifests 1 | . 1 . . . . . . . . . . . . . . Registered Prototypes 1 | . . . . 1 . . . . . . . . . . . Zone Layout 16 | . 3 . . 3 6 1 . 2 1 . . . . . . Release Object 2 | . . . . . 2 . . . . . . . . . . Fabricator Hacks . | . . . . . . . . . . . . . . . . Repair Station Hacks 3 | . . . . 3 . . . . . . . . . . . Scan Component 2 | . . . . 2 . . . . . . . . . . . Repair 1 | . . . . 1 . . . . . . . . . . . Recycling Unit Hacks 7 | . 2 . 1 . 2 . . . 2 . . . . . . Report Inventory 7 | . 2 . 1 . 2 . . . 2 . . . . . . Scanalyzer 12 | . . . . . . 5 . . 5 . . . . . 2 Insert Component 2 | . . . . . . 2 . . . . . . . . . Analyze 2 | . . . . . . 2 . . . . . . . . . Retrieve Study 8 | . . . . . . 1 . . 5 . . . . . 2 Garrison Access Hacks 1 | . . . . 1 . . . . . . . . . . . Seal Access 1 | . . . . 1 . . . . . . . . . . . Unauthorized Hacks 11 | . 3 . 1 4 2 . . 1 . . . . . . . Terminals 10 | . 3 . . 4 2 . . 1 . . . . . . . Assimilate 2 | . 1 . . 1 . . . . . . . . . . . Botnet 5 | . 1 . . 2 2 . . . . . . . . . . Operators 3 | . 1 . . 1 . . . 1 . . . . . . . Fabricators . | . . . . . . . . . . . . . . . . Repair Stations . | . . . . . . . . . . . . . . . . Recycling Units 1 | . . . 1 . . . . . . . . . . . . Monitor 1 | . . . 1 . . . . . . . . . . . . Scanalyzers . | . . . . . . . . . . . . . . . . Garrison Access . | . . . . . . . . . . . . . . . . Data Cores Recovered . | . . . . . . . . . . . . . . . . Used . | . . . . . . . . . . . . . . . . Hacking Detections 41 | . 7 . 1 5 6 5 . 4 11 . . . . 1 1 Full Trace Events 2 | . . . . . . 2 . . . . . . . . . Feedback Events 1 | . . . . . . 1 . . . . . . . . . Corruption 1 | . . . . . . 1 . . . . . . . . . Feedback Blocked . | . . . . . . . . . . . . . . . . Robot Schematics Acquired . | . . . . . . . . . . . . . . . . Robots Built . | . . . . . . . . . . . . . . . . Authchips . | . . . . . . . . . . . . . . . . Time . | . . . . . . . . . . . . . . . . Total Robot Build Rating . | . . . . . . . . . . . . . . . . Part Schematics Acquired 1 | . . . . . . 1 . . . . . . . . . Parts Built . | . . . . . . . . . . . . . . . . Authchips . | . . . . . . . . . . . . . . . . Time . | . . . . . . . . . . . . . . . . Total Part Build Rating . | . . . . . . . . . . . . . . . . Part Studies Acquired 8 | . . . . . . 1 . . 5 . . . . . 2 Parts Repaired 1 | . . . . 1 . . . . . . . . . . . Time 32 | . . . . 32 . . . . . . . . . . . Parts Recycled . | . . . . . . . . . . . . . . . . Recycled Matter . | . . . . . . . . . . . . . . . . Retrieved Matter . | . . . . . . . . . . . . . . . . Retrieved Components . | . . . . . . . . . . . . . . . . Parts Scanalyzed 2 | . . . . . . 2 . . . . . . . . . Part Schematics Acquired 1 | . . . . . . 1 . . . . . . . . . Parts Damaged . | . . . . . . . . . . . . . . . . Bothacking | -11 -10 -10 -8 -8 -8 -6 -6 -6 -5 -5 -5 -4 -4 -3 -2 ------------ Run | Yrd Mat Sub Mat Sto Rec Fac Was Fac Fac Upp Upp Fac DSF Res Res Used RIF Installer . | . . . . . . . . . . . . . . . . Robots Hacked . | . . . . . . . . . . . . . . . . Non-combat . | . . . . . . . . . . . . . . . . Combat . | . . . . . . . . . . . . . . . . Robot Hacks Applied . | . . . . . . . . . . . . . . . . Relay Couplers Released 4 | . . . . 1 . 3 . . . . . . . . . Machine Destruction 4 | . . . . 1 . 3 . . . . . . . . . Fabnet Peak Effective % . | . . . . . . . . . . . . . . . . Robots Rewired 13 | . . . . . 12 . . . . . . . . 1 . Allies Hacked . | . . . . . . . . . . . . . . . . Hacks Repelled . | . . . . . . . . . . . . . . . . Allies | -11 -10 -10 -8 -8 -8 -6 -6 -6 -5 -5 -5 -4 -4 -3 -2 -------- Run | Yrd Mat Sub Mat Sto Rec Fac Was Fac Fac Upp Upp Fac DSF Res Res Total Allies 14 | . 1 . . . 12 . . . . . . . . 1 . Largest Group 12 | . 1 1 . . 12 8 . . . . . . . . . Highest-Rated Group 179 | . 10 10 . . 179 128 . . . . . . . . . Highest-Rated Ally 27 | . 10 10 . . 27 27 . . . . . . . . . Total Orders 12 | . . . . 3 4 . . . . 3 2 . . . . DROP 1 | . . . . . 1 . . . . . . . . . . PICKUP 1 | . . . . . 1 . . . . . . . . . . COLLECT 1 | . . . . . 1 . . . . . . . . . . EXPLORE 8 | . . . . 3 1 . . . . 2 2 . . . . RETURN 1 | . . . . . . . . . . 1 . . . . . Ally Attacks 51 | . . . . . 24 27 . . . . . . . . . Total Damage 829 | . . . . . 292 537 . . . . . . . . . Kills 6 | . . . . . 3 3 . . . . . . . . . Allies Corrupted 1 | . . . . 1 . . . . . . . . . . . Allies Melted . | . . . . . . . . . . . . . . . . Intel | -11 -10 -10 -8 -8 -8 -6 -6 -6 -5 -5 -5 -4 -4 -3 -2 ------- Run | Yrd Mat Sub Mat Sto Rec Fac Was Fac Fac Upp Upp Fac DSF Res Res Active Infowar (turns) 12281 | 41 885 . 628 987 2170 1677 1022 680 1239 846 84 17 152 699 1154 Optics 1202 | . . . . . . . 1014 188 . . . . . . . Sensors 5696 | . . . 443 613 2168 1018 . 280 306 462 . 17 99 91 199 Terrain 360 | 41 117 . . . . . . . 202 . . . . . . Structural 6263 | . 768 . 481 374 1926 1059 1022 302 200 . . . . . 131 Seismic 85 | . . . . . . . . . . . . . . . 85 Decoding 2021 | . . . . . . . . . . . . 16 152 699 1154 Machine Analysis 2800 | . . . . . . . . 631 1239 846 84 . . . . Cloaking 83 | . . . . . . . . . . . . . . . 83 Jamming 775 | . . . . . . 55 474 217 . . . . . 29 . Robot Analysis Total 2 | . . . . . 1 . . 1 . . . . . . . Derelict Logs Recovered 1 | . . . . . . . . . . 1 . . . . . Drone Launches 29 | . . . . 18 2 . . . . 5 2 . 2 . . Drone Recoveries 13 | . . . . 4 . . . . . 5 2 . 2 . . Decoded 0b10 Intel 65 | . . . . . . . . . . . . . 5 23 37 Patrols 26 | . . . . . . . . . . . . . . 16 10 Investigations 4 | . . . . . . . . . . . . . . . 4 Reinforcements 7 | . . . . . . . . . . . . . 5 . 2 Guards 28 | . . . . . . . . . . . . . . 7 21 Exploration | -11 -10 -10 -8 -8 -8 -6 -6 -6 -5 -5 -5 -4 -4 -3 -2 ------------- Run | Yrd Mat Sub Mat Sto Rec Fac Was Fac Fac Upp Upp Fac DSF Res Res Turns Passed 16324 | 138 985 1101 658 1780 3783 1957 1022 680 1239 846 86 44 152 699 1154 Spaces Moved 8835 | 84 555 610 235 489 1418 600 463 669 1219 824 60 33 135 655 786 Core 1050 | 5 . . . . . . 67 380 337 . . . 63 165 33 Treads 2442 | . . . 42 489 1418 244 . 245 . . . . . . 4 Legs 1290 | 79 357 . 31 . . 149 202 . . . . . 6 35 431 Wheels 2005 | . 198 610 162 . . 207 194 44 44 261 60 33 56 136 . Hover 1411 | . . . . . . . . . 838 563 . . 10 . . Flight 637 | . . . . . . . . . . . . . . 319 318 Fastest Speed 39 | 50 120 135 116 250 250 140 95 50 48 48 125 125 50 42 39 Average Speed 137 | 117 125 135 165 250 250 210 160 80 66 83 125 125 98 70 80 Slowest Speed 490 | 120 135 135 490 250 250 400 400 250 350 150 125 125 200 150 240 Overloaded Moves . | . . . . . . . . . . . . . . . . Propulsion Burnouts . | . . . . . . . . . . . . . . . . Robots Hopped . | . . . . . . . . . . . . . . . . Potential Cave-ins 6 | . . 3 . . . . . . . . . . . 1 2 Cave-ins Triggered . | . . . . . . . . . . . . . . . . Exploration Rate (%) 43 | 4 78 40 18 85 94 12 82 21 31 90 14 1 92 14 17 Regions Visited 15 Branch Regions 5 Pre-discovered Areas 1 | . . . . . . . . . . 1 . . . . . Known Exits Taken 8 | . 1 1 1 1 1 . . 1 . . . 1 . 1 . Unknown Exits Taken 4 | 1 . . . . . . . . 1 1 1 . . . . Scrap Searched 7 | . . 3 . . . . . . . 3 1 . . . . Spaces Dug 48 | . . 13 3 6 1 . . 4 3 . . . . 4 14 Terrain Destroyed 115 | . . 15 5 8 3 32 . 5 4 . . . . 20 23 Melee 22 | . . . . . 1 . . 3 1 . . . . 4 13 Projectile 47 | . . 15 5 6 2 4 . 2 3 . . . . . 10 AOE 46 | . . . . 2 . 28 . . . . . . . 16 . Terrain Rammed . | . . . . . . . . . . . . . . . . Walls Destroyed . | . . . . . . . . . . . . . . . . Machines Disabled . | . . . . . . . . . . . . . . . . Actions | -11 -10 -10 -8 -8 -8 -6 -6 -6 -5 -5 -5 -4 -4 -3 -2 --------- Run | Yrd Mat Sub Mat Sto Rec Fac Was Fac Fac Upp Upp Fac DSF Res Res Total 11630 | 104 774 732 437 868 1633 1031 748 767 1513 919 72 35 145 801 1051 Wait 1445 | . 141 44 107 213 113 242 265 51 114 40 9 . . 44 62 Move 8821 | 83 554 609 234 488 1417 600 462 668 1218 823 59 32 134 654 786 Hop . | . . . . . . . . . . . . . . . . Pick Up 137 | 6 20 8 18 12 7 14 2 6 15 5 2 . 2 6 14 Fast Attach 147 | 7 3 . 2 7 2 9 . 1 33 6 . 1 6 29 41 Attach 88 | . . 1 8 9 5 19 3 2 16 4 . 2 . 8 11 Detach 40 | . 3 . 1 5 6 5 . 1 11 3 . . . 2 3 Swap 111 | . 9 12 21 26 17 10 1 11 2 . . . . . 2 Drop 127 | . 8 8 15 16 17 8 15 8 14 5 2 . . 4 7 Fire 480 | 8 36 50 30 81 9 119 . 16 53 . . . . 7 71 Melee 191 | . . . . 1 38 5 . 3 23 33 . . 3 39 46 Ram 9 | . . . . . . . . . 9 . . . . . . Kick . | . . . . . . . . . . . . . . . . Crush 1 | . . . . 1 . . . . . . . . . . . Escape Stasis 8 | . . . . . . . . . . . . . . . 8 Rewire 13 | . . . . . . . . . 5 . . . . 8 . Trap . | . . . . . . . . . . . . . . . . Miscellaneous 12 | . . . 1 9 2 . . . . . . . . . . Route ------- -11/Scrapyard -10/Materials (discovered 4 exits: [*Mat x2] / *Min / *Sub) -10/Subcaves (discovered 2 exits: *Mat x2) -8/Materials -8/Storage (discovered 2 exits: *Fac / *Rec) -8/Recycling -6/Factory -6/Waste -6/Factory -5/Factory -5/Upper Caves -5/Upper Caves -4/Factory -4/DSF -3/Research -2/Research History --------- Turn | Location | Event 10 | -11/Scrapyard | Discovered new exit (range 16) 139 | -11/Scrapyard | Entered Materials 312 | -10/Materials | Discovered new exit (range 12) 317 | -10/Materials | Build established: Mutant 373 | -10/Materials | Discovered new exit (range 15) 738 | -10/Materials | Discovered new exit (range 16) 916 | -10/Materials | Discovered new exit (range 11) 1065 | -10/Materials | Identified exit to Mines 1123 | -10/Materials | Identified exit to Subcaves 1124 | -10/Materials | Entered Subcaves 1124 | -10/Subcaves | Accompanied by 1 ally 1269 | -10/Subcaves | Shifting Twisted Machinery released Sub. Monowheel 1280 | -10/Subcaves | Shifting Twisted Machinery released Sub. Monowheel 1346 | -10/Subcaves | Ambushed by Subdweller buried in earth 1346 | -10/Subcaves | Ambushed by Subdweller buried in earth 1355 | -10/Subcaves | A swath of the cavern ceiling suddenly collapsed 1741 | -10/Subcaves | Shifting Twisted Machinery released Slug Cannon 1802 | -10/Subcaves | Core integrity fell below 50% 1869 | -10/Subcaves | Discovered new exit (range 9) 1878 | -10/Subcaves | Identified exit to Materials 2033 | -10/Subcaves | Discovered exit to Materials (range 4) 2225 | -10/Subcaves | Entered Materials 2225 | -8/Materials | Evolved 4 slots: Propulsion x2, Utility x2 2876 | -8/Materials | Discovered new exit (range 4) 2881 | -8/Materials | Identified exit to Storage 2883 | -8/Materials | Entered Storage 2968 | -8/Storage | Repaired Multitool 3836 | -8/Storage | Discovered new exit (range 16) 3879 | -8/Storage | Identified exit to Factory 4188 | -8/Storage | Lost 9 allies 4259 | -8/Storage | Lost 4 allies 4655 | -8/Storage | Used back door to open Recycling access 4655 | -8/Storage | Discovered new exit (range 4) 4660 | -8/Storage | Identified exit to Recycling 4663 | -8/Storage | Entered Recycling 5310 | -8/Recycling | Lost 3 allies 5427 | -8/Recycling | Build established: Commander-Assassin 5689 | -8/Recycling | Discovered new exit (range 15) 5900 | -8/Recycling | Build established: Commander-Skirmisher 7028 | -8/Recycling | Entered Scraplab 7071 | -8/Recycling | Found Prototype Device 7071 | -8/Recycling | Identified Scrap Engine 7361 | -8/Recycling | Build established: Commander-Mutant 8436 | -8/Recycling | Identified exit to Factory 8446 | -8/Recycling | Entered Factory 8446 | -6/Factory | Accompanied by 8 allies 8446 | -6/Factory | Evolved 4 slots: Power x1, Utility x2, Weapon x1 8574 | -6/Factory | Identified exit to DSF 8813 | -6/Factory | Lost 5 allies 9261 | -6/Factory | Lost 5 parts (3n1u1w) 9262 | -6/Factory | Destroyed 8 combat bots 9334 | -6/Factory | Lost 6 parts (2p1u3w) 9412 | -6/Factory | Lost 3 parts (2p1n) 9771 | -6/Factory | Core integrity fell below 50% 10157 | -6/Factory | Lost 6 parts (1p2n2u1w) 10353 | -6/Factory | Core integrity fell below 20% 10403 | -6/Factory | Sucked down chute 10403 | -6/Factory | Entered Waste 10403 | -6/Waste | The area was eerily silent 10467 | -6/Waste | Discovered new exit (range 12) 10484 | -6/Waste | Identified exit to Factory 10695 | -6/Waste | Build established: Tank 11256 | -6/Waste | Build established: Infiltrator-Skirmisher 11425 | -6/Waste | Entered Factory 11888 | -6/Factory | Lost 6 parts (2p2n2w) 12098 | -6/Factory | Discovered new exit (range 13) 12104 | -6/Factory | Identified exit to Factory 12105 | -6/Factory | Entered another Factory area 12105 | -5/Factory | Evolved 2 slots: Utility x2 12513 | -5/Factory | Lost 4 parts (1n2u1w) 12597 | -5/Factory | Lost 7 parts (2p2n2u1w) 12633 | -5/Factory | Core integrity fell below 50% 12668 | -5/Factory | System corruption reached 10% 13273 | -5/Factory | Lost 3 parts (2u1w) 13338 | -5/Factory | Discovered new exit (range 12) 13344 | -5/Factory | Entered Upper Caves 13409 | -5/Upper Caves | Attracted the attention of an 0b10 checkpoint 13719 | -5/Upper Caves | Build established: Scavenger-Gladiator 13752 | -5/Upper Caves | Lost 3 parts (2n1u) 13983 | -5/Upper Caves | Discovered new exit (range 60) 14190 | -5/Upper Caves | Entered another Upper Caves area 14222 | -5/Upper Caves | Discovered new exit (range 22) 14264 | -5/Upper Caves | Build established: Scavenger-Mutant 14276 | -5/Upper Caves | Entered Factory 14276 | -4/Factory | Evolved 2 slots: Utility x2 14319 | -4/Factory | Identified exit to DSF 14320 | -4/Factory | Entered DSF 14356 | -4/DSF | Additional patrols routed to DSF 14416 | -4/DSF | Core integrity fell below 50% 14444 | -4/DSF | Core integrity fell below 20% 14456 | -4/DSF | Discovered new exit (range 16) 14472 | -4/DSF | Entered Research 14472 | -3/Research | Evolved 2 slots: Utility x2 14474 | -3/Research | Lost 12 parts (2p5n4u1w) 14769 | -3/Research | Lost 15 parts (2p2n8u3w) 14803 | -3/Research | P-80 Master assimilated allied Veteran 8a 14846 | -3/Research | Lost 8 parts (1p4n3w) 14850 | -3/Research | Core integrity fell below 50% 15017 | -3/Research | Spotted B-86 Titan 15036 | -3/Research | Discovered new exit (range 9) 15141 | -3/Research | Core integrity fell below 20% 15147 | -3/Research | Allied Derelicts emerged from ambush trap array 15171 | -3/Research | Identified exit to Research 15171 | -3/Research | Entered another Research area 15171 | -2/Research | Evolved 2 slots: Propulsion x2 15288 | -2/Research | Build established: Mutant 15326 | -2/Research | Lost 5 parts (1n3u1w) 15452 | -2/Research | Lost 9 parts (2p3n4u) 15596 | -2/Research | Lost 10 parts (1p2n4u3w) 15734 | -2/Research | System corruption reached 10% 15740 | -2/Research | Core integrity fell below 50% 15812 | -2/Research | Spotted B-90 Cyclops 15875 | -2/Research | Build established: Scavenger-Gunner 15965 | -2/Research | Lost 3 parts (1p1n1w) 16081 | -2/Research | System corruption reached 30% 16201 | -2/Research | Lost 3 parts (1p1u1w) 16311 | -2/Research | Core integrity fell below 20% 16325 | -2/Research | Destroyed by H-81 Overseer with Heavy Linear Accelerator Last Messages --------------- 16301_ System corrupted: Matter fused (-6). 16301_ M-13 Machinist destroyed. 16304_ Adv. Heat Sink destroyed. 16306_ G-73 Enforcer suffers critical hit (Impale). 16306_ Biometal Leg+ destroyed. 16307_ Centrium Leg destroyed. 16309_ Force Lance destroyed. 16310_ Dropped Med. Storage Unit. 16311_ K-01 Serf cleans the Potential Refractor. 16312_ Triggered Shock Trap. 16312_ The floor emits a surge of raw power. 16312_ System corrupted (+2). 16313_ K-01 Serf collects debris. 16314_ R-10 Processor collects Imp. Antigrav System. 16317_ System corrupted: Matter fused (-8). 16318_ >> DECODED: Security location. 16318_ Knocked back. 16325_ Imp. Targeting Computer destroyed. Map ----- +----------------------------------------------------+ | ????????+ +??????????????????????+ | | ????????? ???????????????????????# | | ????????????????????????????????????# | | ????????????????????????????????????# | | ????????????????????????????????????# ######### | | ????????????????????????????????????# # | | ????????????????????????????????????# # | | ????????????????????????????????????# / "" | | ????????????????????????????????????# # """ | | ????????????????????????????????????# # "R | | ?????????????????????????????????? # """ | | ???????????????????????????????? # """ | | ?????????????????????????????? # | | ????????????????????????????? # | | ???????????????????????????? ##+###### | | ????????????????????????????? ????????# | | ?????????????????????????????# ????????# | | ??????????????????????######## ????##### | | ??????????????????????# !! ?###+#######????# | | ??????????????????????# !! [????????????????# | | ??????????????????????? ! ?????????????????# | | ??????????????????????? ?????????????????# "" | | ???????????????????????? ??????????????????#] "" | | ???????????????????????? ??????????????????# "" | | ?????????????????#????###/###????????????????# | | ????????????###### #### @ #?????????????# + | | ????????????# #?????????????# ###### | | ?????????? #?????????????# ????# | | ?????????? k H #?????????????# ##### | | ???????????############ #?????????????# | | ??????????????########### ;################ | | ??????????????# ??# | | ??????????????# ## ^ | | ??????????????# # | | ??????????????#""" + % | | ??????????????#""" # ^ | | ??????????????#""" # !!! % | | ??????????????# ] ?# !! """""" " | | ??????????????# ?# ######!! """""" | | ??????????????# ] ??# #????# """""" | | ???????????###########?# ###### | | ???????????#= #?# #|!*=# | | ???????????# #?# # ![=/ | | ???????????# #?# # %!%# "T | | ???????????# #?# # !!!# """" | | ???????????#####+#####?# + !!############# #### | | ???????????????# #?????# # #???????????#[#### | | ???????????????# #?????# # ########????# # | | ???????????????# #?????# # # #????# # | | ???????????????# #?????# # # #????# # | +----------------------------------------------------+ Best States ------------- Heat Dissipation 106 Energy Generation 41 Energy Capacity 426 Matter Stores 756 Matter Capacity 800 Sight Range 22 Robot Scan Range 16 Terrain Scan Range 16 Terrain Scan Density 85 Jamming Range 14 Cloak Strength 4 Corruption Block 20 Armor Coverage 375 Resistance: KI 20 Resistance: TH 25 Core Shielding 30 Propulsion Shielding 66 Utility Shielding 66 Phase Shifting 5 Evasion (%) 74 Targeting Accuracy 6 Melee Accuracy 11 Target Analysis 11 Recoil Reduction 4 Energy Filtering 30 Offensive Hacking 10 Defensive Hacking 40 Item Schematics ----------------- Arm. Wheel | -6/Factory | Scanalyzed Robot Schematics ------------------ None Fabricated ------------ Nothing Repaired ---------- Multitool | 76% | -8/Storage Studied --------- Mining Claw | -6/Factory | Hacked Greatsword | -5/Factory | Hacked Lgt. Angular Momentum Engine | -5/Factory | Hacked Antigrav System | -5/Factory | Hacked Cmb. Gravmag System | -5/Factory | Hacked Hvy. Flail | -5/Factory | Hacked Biometal Leg | -2/Research | Hacked Myomer Leg | -2/Research | Hacked Alien Tech Used ----------------- None Achievements -------------- All Kinds Of Bad News Not So Scrappy Prolific Hacker Scrappetite Challenges ------------ None Game ------ Seed EnhancedBorgStick Manual? 0 Play Time 03:53:21 Cumulative 126.8 hours Start 2026.03.03 @ 19:18:26 End 2026.03.04 @ 01:08:42 Sessions 3 Manual Loads 0 Difficulty Rogue Special Mode None Game No. 109 Rogue 109 Adventurer 0 Explorer 0 Win Type - Total 0 Types 0/0/0/0/0/0/0/0/0/0 Lore% 51 Gallery% 45 Achievement% 36 Wizard Run 0 Options --------- Layout 1 ASCII 1 Keyboard 1 Movement Numpad Keybinds 0 Fullscreen 1 Font 24/Smallcaps Map View 50x35 Zoom Use 0% Tactical HUD 1 Map Filters NONE Filters NONE Steam 1 RUN: 26c6301c-2892-4e62-91a8-e4f9b9a182c6